AoeStats
← zoltan

Coastal Forest

511404331Analyzed
2v2 RM · 9d ago on Oct 4, 2026· 21m 12s· 4 players
Game mode
Random Map
Map size
Medium (4 player)
Population
200
Speed
Normal
Resources
Standard
Victory
Conquest
Starting age
Dark Age
Ending age
Imperial Age
RankedLock teamsTeams togetherTeam positionsShared explorationLock speedFull tech treeHidden civsTurbo modeCheats
Victory
Defeat
🇲🇽 Sicilians · Mexico
1143
+17
🇲🇽 Portuguese · Mexico
1143
+17
vs
🇨🇱 Franks · Chile
1166
-17
🇨🇱 Ethiopians · Chile
1158
-17
zoltan
7:19 Loom
10:11 Feudal Age
10:56 Double-Bit Axe
10:53 Horse Collar
12:30 Town Watch
Tlaloke626
3:31 Loom
10:48 Feudal Age
12:17 Double-Bit Axe
17:19 Castle Age
16:10 Scale Barding Armor
16:18 Fishing Lines
18:03 Forging
19:31 Gillnets
[LBA] Cerealjames
6:24 Loom
9:22 Feudal Age
11:32 Double-Bit Axe
15:42 Fletching
17:50 Wheelbarrow
23:29 Castle Age
[LBA] El Tío Aceite
7:11 Loom
10:02 Feudal Age
Connection lost

Rejoining the realm…

Still unreachable

The connection could not be restored.

Session expired

The server has moved on; the page needs a fresh start.